Map: Hardwire LE

Players

DPGherO (herO)

  • Race: Protoss Protoss
  • League: Master

Solar - Winner!

  • Race: Zerg Zerg
  • League: Master

Event: TSL 8

VOD

Have the link to the VOD?

Description

Time

  • Played on: Dec. 3, 2021, 7:22 a.m.
  • Length: 13:21

All games in this series

Show
View Real Time Build Order
Export as new Build Order

DPGherO Protoss 

Build Orders: 1 Gate Expand, Oracle Opening 

Get SALT Encoding   

  12  0:00  Probe  
  13  0:12  Pylon  
  13  0:17  Probe (Chrono Boost)  
  14  0:26  Probe (Chrono Boost)  
  15  0:31  Probe  
  16  0:40  Gateway  
  16  0:43  Probe  
  16  0:48  Assimilator  
  17  0:56  Probe  
  18  1:08  Probe  
  19  1:20  Probe  
  20  1:26  Nexus  
  20  1:35  Cybernetics Core  
  20  1:37  Probe  
  21  1:43  Assimilator  
  21  1:49  Probe  
  21  1:53  Pylon  
  22  2:01  Probe  
  23  2:09  Adept (Chrono Boost)  
  23  2:13  Probe  
  26  2:16  Stargate  
  26  2:25  Probe, Warp Gate  
  27  2:31  Adept  
  29  2:38  Probe (Chrono Boost)  
  31  2:44  Probe (Chrono Boost)  
  31  2:47  Probe (Chrono Boost)  
  33  2:51  Void Ray (Chrono Boost), Probe (Chrono Boost)  
  33  2:52  Probe  
  38  3:06  Probe x2  
  38  3:09  Pylon  
  40  3:18  Probe x2  
  42  3:22  Gateway  
  42  3:24  Oracle (Chrono Boost)  
  45  3:30  Probe x2  
  47  3:44  Nexus  
  47  3:49  Pylon  
  47  3:51  Probe x2  
  49  3:56  Assimilator  
  49  4:00  Assimilator  
  49  4:03  Probe  
  49  4:04  Probe  
  49  4:07  Stargate  
  51  4:15  Probe  
  51  4:16  Probe  
  53  4:26  Void Ray (Chrono Boost), Protoss Air Weapons Level 1  
  53  4:27  Forge  
  53  4:28  Probe x2  
  59  4:40  Probe x2, Shield Battery  
  59  4:45  Pylon  
  61  4:48  Void Ray (Chrono Boost)  
  61  4:52  Probe  
  62  4:55  Probe  
  63  5:00  Adept x2  
  63  5:02  Void Ray (Chrono Boost), Probe  
  63  5:04  Probe  
  69  5:07  Probe  
  75  5:14  Probe  
  75  5:16  Probe  
  76  5:22  Void Ray, Assimilator  
  76  5:23  Assimilator  
  76  5:25  Pylon  
  79  5:33  Adept  
  79  5:37  Adept, Probe  
  79  5:39  Probe  
  79  5:40  Probe  
  79  5:54  Fleet Beacon  
  79  5:55  Probe x2  
  79  5:56  Probe  
  80  6:04  Photon Cannon  
  78  6:09  Probe x2  
  78  6:10  Probe  
  81  6:11  Void Ray (Chrono Boost)  
  81  6:12  Zealot  
  81  6:14  Shield Battery  
  81  6:15  Pylon  
  81  6:16  Void Ray (Chrono Boost)  
  83  6:25  Flux Vanes  
  91  6:28  Adept  
  93  6:33  Probe x3  
  96  6:44  Protoss Air Weapons Level 2 (Chrono Boost)  
  96  6:45  Probe x3  
  96  6:46  Pylon  
  99  6:50  Pylon  
  99  6:58  Robotics Facility, Void Ray x2  
  99  7:05  Probe x2  
  109  7:10  Probe  
  110  7:17  Zealot x2  
  110  7:19  Pylon  
  114  7:28  Pylon  
  114  7:36  Void Ray x2, Protoss Ground Weapons Level 1 (Chrono Boost)  
  110  7:41  Zealot x2, Twilight Council  
  121  7:45  Probe  
  121  7:47  Probe  
  119  7:54  Nexus  
  119  7:56  Photon Cannon  
  119  7:57  Shield Battery  
  119  8:01  Observer  
  119  8:02  Robotics Bay  
  119  8:03  Robotics Facility  
  120  8:06  Gateway  
  120  8:07  Gateway  
  120  8:14  Photon Cannon  
  120  8:16  Pylon  
  120  8:19  Shield Battery  
  120  8:20  Probe x3  
  120  8:21  Templar Archives  
  120  8:24  Pylon x2  
  123  8:30  Void Ray x2  
  123  8:39  Observer (Chrono Boost)  
  123  8:40  Probe x3  
  135  8:47  Gateway  
  135  8:49  Gateway  
  135  8:56  Colossus (Chrono Boost)  
  135  8:57  Colossus (Chrono Boost)  
  146  9:03  Extended Thermal Lance  
  146  9:08  Charge  
  146  9:09  Assimilator  
  146  9:11  Assimilator  
  146  9:12  Probe  
  146  9:13  Probe x2  
  146  9:14  Probe  
  146  9:16  Photon Cannon  
  150  9:21  Shield Battery  
  150  9:27  Zealot, Sentry x2  
  150  9:28  Zealot, Shield Battery  
  150  9:29  Photon Cannon  
  158  9:31  Photon Cannon  
  154  9:46  Colossus x2 (Chrono Boost)  
  161  9:59  Zealot  
  138  10:00  Zealot x3  
  138  10:04  Protoss Ground Weapons Level 2  
  140  10:07  High Templar x2  
  144  10:19  Probe x3  
  132  10:22  Psionic Storm  
  130  10:30  Zealot x4, Disruptor (Chrono Boost)  
  130  10:33  Pylon  
  130  10:35  Pylon  
  141  10:36  Pylon x2  
  141  10:38  Pylon  
  141  10:41  Pylon  
  141  10:48  Pylon  
  141  10:51  Disruptor  
  141  10:52  High Templar  
  141  10:53  Zealot x3, High Templar  
  141  10:55  Zealot  
  156  10:57  Archon  
  156  11:03  Shield Battery  
  156  11:05  Disruptor  
  159  11:17  Stalker  
  159  11:18  Stalker x3  
  149  11:29  Void Ray, Probe  
  149  11:30  Probe x2  
  137  11:38  Archon  
  115  11:40  Zealot  
  115  11:41  Zealot x2  
  94  11:51  Disruptor x2  
  93  12:08  Probe x3  
  96  12:13  High Templar  
  96  12:14  High Templar  
  96  12:15  Zealot x2  
  106  12:23  Zealot  
  106  12:24  Zealot  
  106  12:28  Probe x2  
Show
View Real Time Build Order
Export as new Build Order

Solar Zerg - Winner!

Build Orders: Hatch First 

Get SALT Encoding   

  12  0:01  Drone  
  13  0:12  Overlord  
  13  0:17  Drone  
  14  0:30  Drone x2  
  16  0:48  Hatchery  
  15  0:50  Drone  
  15  0:54  Drone  
  17  0:58  Drone  
  18  1:08  Extractor  
  17  1:13  Spawning Pool  
  17  1:17  Drone  
  17  1:20  Drone  
  18  1:28  Drone  
  19  1:38  Drone  
  20  1:49  Overlord  
  20  2:02  Queen x2  
  20  2:03  Zergling x2  
  20  2:04  Zergling x2  
  26  2:12  Metabolic Boost  
  26  2:14  Drone x2  
  28  2:21  Drone  
  28  2:22  Drone  
  30  2:36  Hatchery  
  29  2:38  Zergling x2  
  30  2:45  Queen  
  30  2:50  Overlord  
  32  2:52  Drone  
  32  2:55  Drone  
  32  2:56  Drone  
  35  2:59  Drone  
  35  3:10  Drone x4  
  35  3:11  Drone  
  40  3:16  Queen  
  40  3:19  Overlord  
  42  3:22  Drone  
  43  3:29  Overlord  
  43  3:36  Overlord  
  43  3:47  Drone, Queen, Spore Crawler  
  45  3:48  Drone x3  
  45  3:49  Drone x2  
  45  3:54  Spore Crawler  
  49  3:56  Zergling x2  
  49  3:58  Queen  
  49  4:00  Zergling x2  
  53  4:04  Zergling x4  
  53  4:07  Drone x2  
  57  4:10  Drone  
  57  4:11  Overlord  
  58  4:17  Drone  
  58  4:18  Drone  
  60  4:26  Drone x2  
  60  4:28  Drone  
  60  4:29  Drone x2  
  64  4:33  Overlord  
  64  4:35  Drone x4  
  64  4:36  Drone  
  69  4:42  Drone x2  
  71  4:47  Roach Warren  
  71  4:48  Lair  
  71  4:50  Zergling x2, Extractor  
  71  4:51  Zergling x2, Extractor  
  70  4:52  Zergling x2  
  70  4:53  Zergling x2  
  70  4:54  Zergling x2  
  70  4:57  Drone  
  72  5:00  Extractor  
  72  5:02  Extractor  
  72  5:03  Drone x2  
  72  5:07  Queen  
  72  5:08  Drone x5  
  72  5:11  Drone x2  
  72  5:13  Overlord  
  81  5:19  Overlord  
  81  5:20  Overlord  
  80  5:21  Overlord  
  80  5:23  Drone  
  80  5:25  Drone  
  82  5:29  Overlord  
  82  5:33  Drone x2  
  83  5:37  Drone x2  
  83  5:38  Drone  
  83  5:39  Drone  
  83  5:40  Drone  
  83  5:41  Drone  
  83  5:42  Drone x2  
  89  5:43  Pneumatized Carapace  
  89  5:49  Overlord  
  88  5:52  Extractor  
  88  5:53  Zergling x10  
  86  5:57  Zergling x2  
  86  6:02  Queen  
  86  6:03  Infestation Pit  
  87  6:07  Drone x2  
  87  6:08  Drone x2  
  87  6:09  Drone  
  87  6:10  Hatchery  
  91  6:13  Overlord  
  91  6:16  Drone, Overseer, Evolution Chamber  
  91  6:20  Zergling x14  
  96  6:28  Hydralisk Den  
  96  6:30  Drone, Baneling Nest x2  
  96  6:31  Overlord  
  95  6:32  Drone  
  94  6:42  Hatchery  
  94  6:46  Drone  
  95  6:47  Hive  
  95  6:48  Zerg Missile Weapons Level 1  
  95  6:50  Drone  
  95  6:51  Drone  
  97  7:01  Hydralisk x8  
  97  7:04  Hydralisk  
  115  7:09  Overlord  
  115  7:10  Drone x2  
  115  7:13  Drone x2, Muscular Augments  
  117  7:17  Drone  
  117  7:18  Drone x3  
  117  7:20  Extractor  
  120  7:22  Hydralisk  
  120  7:23  Hydralisk x2  
  120  7:24  Extractor  
  120  7:26  Overseer  
  125  7:31  Hydralisk x2  
  125  7:33  Zergling x8  
  130  7:37  Overlord  
  130  7:41  Drone  
  130  7:42  Hydralisk  
  133  7:47  Spore Crawler  
  133  7:49  Hydralisk, Centrifugal Hooks  
  133  7:50  Hydralisk x2  
  133  7:51  Zergling x2  
  133  7:54  Drone x4  
  137  8:04  Spore Crawler  
  135  8:07  Zergling x4  
  135  8:08  Viper  
  135  8:10  Overlord  
  135  8:12  Viper  
  140  8:14  Zergling x12  
  140  8:18  Drone x3  
  152  8:21  Drone  
  152  8:24  Overlord  
  152  8:25  Grooved Spines  
  153  8:28  Hydralisk x4  
  153  8:31  Overlord  
  159  8:34  Overlord  
  159  8:36  Hydralisk x2  
  163  8:42  Overlord  
  163  8:44  Zerg Missile Weapons Level 2  
  163  8:46  Hydralisk x3  
  163  8:47  Zergling x4  
  171  8:48  Zergling x2  
  171  8:50  Zergling x4  
  171  8:52  Hydralisk  
  171  8:54  Zergling x4  
  171  8:55  Zergling x4  
  179  9:00  Zergling x10  
  183  9:03  Overlord  
  183  9:04  Hydralisk  
  183  9:05  Zergling x4  
  187  9:17  Baneling x14  
  187  9:18  Baneling x3  
  187  9:19  Baneling  
  187  9:23  Baneling  
  187  9:24  Baneling x9  
  187  9:25  Hatchery, Zergling x2  
  187  9:26  Zergling x2  
  187  9:27  Baneling  
  187  9:28  Baneling x3  
  187  9:29  Hydralisk  
  187  9:30  Zergling x2  
  191  9:36  Hydralisk  
  191  9:37  Hydralisk x2  
  196  9:42  Zergling x10  
  196  9:43  Hydralisk  
  196  9:44  Hydralisk  
  196  9:45  Zergling x2  
  199  9:49  Zergling x2  
  198  9:54  Hydralisk x2  
  198  9:58  Viper  
  198  9:59  Zergling x2  
  191  10:00  Zergling x16  
  191  10:03  Viper  
  191  10:04  Zergling x2  
  191  10:05  Zergling x2  
  198  10:07  Zergling x2  
  198  10:08  Zergling x2  
  194  10:15  Hydralisk x3  
  194  10:16  Zergling x4  
  194  10:22  Zergling x14  
  194  10:26  Viper  
  198  10:29  Zergling x8  
  198  10:34  Zergling x4  
  198  10:35  Baneling x14  
  200  10:48  Baneling x2  
  200  11:00  Baneling x9  
  200  11:01  Zerg Melee Weapons Level 1  
  200  11:09  Zergling x2  
  196  11:11  Hydralisk x2  
  196  11:13  Zergling x2  
  196  11:15  Zergling x6  
  196  11:17  Zergling x4  
  196  11:18  Baneling x16  
  200  11:19  Extractor  
  200  11:23  Hydralisk  
  200  11:25  Zergling x10  
  157  11:44  Hydralisk x11  
  160  11:49  Zergling x22  
  160  11:51  Hydralisk x3  
  160  11:53  Zergling x4  
  170  12:01  Hydralisk x2  
  165  12:02  Zergling x10  
  165  12:03  Baneling x3  
  165  12:04  Baneling x4  
  165  12:07  Hydralisk  
  165  12:08  Zergling x6  
  179  12:13  Zergling x6, Extractor  
  179  12:14  Baneling x7  
  179  12:15  Baneling  
  181  12:16  Zergling x2  
  181  12:20  Zergling x4  
  183  12:24  Zergling x8  
  183  12:28  Zergling x6  
  181  12:38  Viper  
  181  12:42  Zergling x18  
  167  12:45  Viper  
  167  12:47  Zergling x2  
  167  12:48  Zergling x2  
Tags
 
Add a new tag
Caveats
  • Supply blocks, unpowered buildings, or Contaminate may cause inaccurate times.
  • Supply counts are checked every 10 seconds.